 Dungeon Crawl Stone Soup version 0.28-a0-687-gb91baff9cc (webtiles) character file.

Game seed: 5109329739119469375

80 RepHenryClay the Chucker (level 4, -2/39 HPs)
             Began as a Naga Hunter on Oct 19, 2021.
             Slain by an orc (8 damage)
             ... on level 3 of the Dungeon.
             The game lasted 00:03:07 (3579 turns).

RepHenryClay the Chucker (Naga Hunter)              Turns: 3579, Time: 00:03:07

Health: -2/39      AC:  3    Str: 16    XL:     4   Next: 39%
Magic:  4/4        EV: 10    Int: 11    God:
Gold:   98         SH:  0    Dex: 11    Spells: 3/3 levels left

rFire   . . .      SeeInvis +   a - +0 short sword
rCold   . . .      Faith    .   (no shield)
rNeg    . . .      Spirit   .   b - +0 leather armour
rPois   +          Reflect  .   g - +0 helmet
rElec   .          Harm     .   (no cloak)
rCorr   .          Rampage  .   (no gloves)
Will    .....                   (no barding)
Stlth   ++........              (no amulet)
HPRegen 0.13/turn               (no ring)
MPRegen 0.09/turn               (no ring)

@: mighty, short of breath, very slow
A: AC +1, large, see invisible, deformed body, poison resistance, slowness 2,
spit poison 1, naga tail 1
a: Spit Poison


You were on level 3 of the Dungeon.
You visited 1 branch of the dungeon, and saw 3 of its levels.

You collected 98 gold pieces.

Inventory:

Hand Weapons
 a - a +0 short sword (weapon)
Armour
 b - a +0 leather armour (worn)
 g - a +0 helmet (worn)
Scrolls
 i - a scroll of enchant weapon {unknown}
 k - a scroll of identify {unknown}
Potions
 e - a potion of haste {unknown}
 f - a potion of might
 h - a potion of invisibility {unknown}
 j - a potion of heal wounds {unknown}


   Skills:
 - Level 2.2 Fighting
 + Level 4.0 Throwing
 - Level 3.1 Dodging
 - Level 2.3 Stealth


You had 3 spell levels left.
You didn't know any spells.
Your spell library was empty.

Dungeon Overview and Level Annotations

Branches:
Dungeon (3/15)

Altars:


Innate Abilities, Weirdness & Mutations

Your serpentine skin is tough. (AC +1)
You have supernaturally acute eyesight. (SInv)
Armour fits poorly on your strangely shaped body.
Your system is resistant to poisons. (rPois)
You cover ground very slowly.
You can spit poison.
You have a snake-like lower body.


Message History

Aim: an orc, wielding a +0 club, wearing a +0 ring mail, wearing an amulet of regeneration and quivering boomerangs of dispersal (lightly wounded, berserk, 63% to hit)
You throw a javelin. The javelin barely misses the orc.
The orc barely misses you. The goblin hits you but does no damage.
The orc barely misses you.
Unknown command.
Throw: javelin
Press: ? - help, Q - select action, (/) - cycle Shift-Dir - straight line, f/p - orc
Aim: an orc, wielding a +0 club, wearing a +0 ring mail, wearing an amulet of regeneration and quivering boomerangs of dispersal (lightly wounded, berserk, 63% to hit)
You throw a javelin. The javelin barely misses the orc.
The orc closely misses you. The goblin hits you but does no damage.
Unknown command.
Press: ? - help, Shift-Dir - straight line, f/p - orc
Aim: an orc, wielding a +0 club, wearing a +0 ring mail, wearing an amulet of regeneration and quivering boomerangs of dispersal (lightly wounded, berserk)
The splash of poison hits the orc!
The orc is severely wounded.
The orc hits you with a +0 club. The goblin hits you with a +0 dagger.
The orc hits you with a +0 club.
* * * LOW HITPOINT WARNING * * *
Huge Dmg: -26%(-10hp) hp: 31%(12hp)
Okay, then.
Unknown command.
Throw: 2 throwing nets
Press: ? - help, Q - select action, (/) - cycle Shift-Dir - straight line, f/p - orc
Aim: an orc, wielding a +0 club, wearing a +0 ring mail, wearing an amulet of regeneration and quivering boomerangs of dispersal (severely wounded, berserk, 63% to hit)
You throw a throwing net.
The throwing net closely misses the orc.
The goblin completely misses you. The orc barely misses you.
Throw: throwing net
Press: ? - help, Q - select action, (/) - cycle Shift-Dir - straight line, f/p - orc
Aim: an orc, wielding a +0 club, wearing a +0 ring mail, wearing an amulet of regeneration and quivering boomerangs of dispersal (severely wounded, berserk, 63% to hit)
You throw a throwing net. The throwing net barely misses the orc.
The orc hits you with a +0 club.
* * * LOW HITPOINT WARNING * * *
The goblin hits you with a +0 dagger.
* * * LOW HITPOINT WARNING * * *
Huge Dmg: -15%(-6hp) hp: 16%(6hp) It was a potion of might.
You feel very mighty all of a sudden. The orc hits you with a +0 club!
You die...

### .. #.
#.######.....####### ###
#..#.... ..#.....#
.....##o..#######.#.....#
#..g@................#
###......#####.......#
#.####....###......# #..
####.##........ #.#
#..........# #.
##.........# ..
#..#รท.....# ###
##....###### #..#...#


You could see an orc (berserk) and a goblin.

Vanquished Creatures
  2 adders (D:2)
  A worm (D:3)
  2 dart slugs
  8 ball pythons
  8 endoplasms
  5 giant cockroaches
  3 goblins (D:2)
  3 hobgoblins
  3 quokkas
  6 bats
  5 frilled lizards
  5 rats
51 creatures vanquished.

Notes
Turn   | Place    | Note
-------+----------+-------------------------------------------
     0 | D:1      | RepHenryClay the Naga Hunter began the quest for the Orb.
     0 | D:1      | Reached XP level 1. HP: 19/19 MP: 1/1
   545 | D:1      | Reached XP level 2. HP: 17/26 MP: 2/2
  1296 | D:2      | Reached XP level 3. HP: 7/32 MP: 3/3
  2272 | D:2      | Reached XP level 4. HP: 33/39 MP: 4/4
  2936 | D:2      | Found a faded altar of an unknown god.
  3370 | D:3      | Reached skill level 4 in Throwing
  3579 | D:3      | Slain by an orc

Illustrated notes

Levels and vault maps discovered:
D:1:      lemuel_arrival_river_ford, layout_basic, minivault_14
D:2:      layout_basic, chequers_ecumenical_altar_simple,
          hangedman_abyss_or_decor_stabs
D:3:      layout_rooms, serial_shops, shop

Skill      XL: |  1  2  3  4 |
---------------+-------------+-----
Stealth        | 2 |  2.3
Dodging        | 2 3 |  3.1
Throwing       | 4 |  4.0
Fighting       | |  2.2

Action                   |  1- 3 |  4- 6 || total
-------------------------+-------+-------++-------
Melee: Short sword       |   142 |    72 ||   214
Throw: Javelin           |       |     6 ||     6
       Throwing net      |       |     2 ||     2
 Abil: Spit Poison       |     1 |     5 ||     6
  Use: Potion            |       |     1 ||     1
 Stab: Sleeping          |     1 |       ||     1
Armor: Leather armour    |    50 |    36 ||    86
Dodge: Dodged            |    83 |    62 ||   145

Table legend: (Time is in decaauts)
 A = Elapsed time spent in this place.
 B = Non-inter-level travel time spent in this place.
 C = Inter-level travel time spent in this place.
 D = Time resting spent in this place.
 E = Time spent auto-exploring this place.
 F = Levels seen in this place.
 G = Mean time per level.
                   A        B        C        D        E       F      G
               +--------+--------+--------+--------+--------+-----+--------+
         Total |   4208 |   4110 |     98 |   1033 |   2537 |   3 | 1402.7 |
       Dungeon |   4208 |   4110 |     98 |   1033 |   2537 |   3 | 1402.7 |
               +--------+--------+--------+--------+--------+-----+--------+

Top non-repeatable levels by time:
     D:2: 2455 daAuts
     D:1: 1438 daAuts
     D:3: 315 daAuts
